 Dungeon Crawl Stone Soup version 0.30-a0-626-gd6a5dd7a1f (webtiles) character file.

Game seed: 11103604220465281224

637 NinjaNoafa the Conjurer (level 7, 0/51 HPs)
             Began as a Gnoll Conjurer on Jan 11, 2023.
             Slain by a gnoll
             ... wielding a +0 spear
             ... led by a gnoll sergeant
              (5 damage)
             ... on level 5 of the Dungeon.
             The game lasted 00:04:36 (3931 turns).

NinjaNoafa the Conjurer (Gnoll Conjurer)            Turns: 3931, Time: 00:04:36

Health: 0/51       AC:  3    Str:  6    XL:     7   Next: 50%
Magic:  3/15       EV: 13    Int: 20    God:
Gold:   263        SH:  0    Dex: 10    Spells: 7/17 levels left

rFire   . . .      SeeInvis .    d - +2 dagger (venom)
rCold   . . .      Faith    +    B - orb {light}
rNeg    . . .      Spirit   .    a - +0 robe
rPois   +          Reflect  .    h - +0 helmet
rElec   .          Harm     .    (no cloak)
rCorr   .          Rampage  .    (no gloves)
Will    .....                    (no boots)
Stlth   +                        l - amulet of faith
HPRegen 0.28/turn                m - ring of poison resistance
MPRegen 0.14/turn                (no ring)

@: glowing
A: fangs 1, strong nose, distributed training
a: no special abilities


You were on level 5 of the Dungeon.
You visited 1 branch of the dungeon, and saw 5 of its levels.

You collected 263 gold pieces.

Inventory:

Hand Weapons
 d - a +2 dagger of venom (weapon)
Missiles
 e - 8 poisoned darts
Armour
 a - a +0 robe (worn)
 h - a +0 helmet (worn)
 B - an orb of light (worn)
Jewellery
 l - an amulet of faith (around neck)
 m - a ring of poison resistance (left hand)
 o - a ring of fire
 s - an amulet of the acrobat
Wands
 w - a wand of flame (5)
 C - a wand of acid (4)
Scrolls
 c - 2 scrolls of blinking {unknown}
 f - a scroll of amnesia {unknown}
 g - 2 scrolls of teleportation {unknown}
 n - 3 scrolls of vulnerability {unknown}
 y - 2 scrolls of poison {unknown}
 z - a scroll of enchant armour {unknown}
 A - a scroll of noise {unknown}
Potions
 b - a potion of magic
 i - 3 potions of berserk rage {unknown}
 j - a potion of brilliance {unknown}
 k - a potion of attraction {unknown}
 p - a potion of heal wounds {unknown}
 q - a potion of might {unknown}
 r - 5 potions of haste {unknown}
 t - a potion of resistance {unknown}
 u - a potion of ambrosia {unknown}
 v - a potion of mutation {unknown}
 x - a potion of flight {unknown}


   Skills:
 + Level 2.6 Fighting
 + Level 2.6 Short Blades
 + Level 2.6 Long Blades
 + Level 2.6 Axes
 + Level 2.6 Maces & Flails
 + Level 2.6 Polearms
 + Level 2.6 Staves
 + Level 2.6 Ranged Weapons
 + Level 2.6 Throwing
 + Level 2.6 Armour
 + Level 5.3 Dodging
 + Level 5.0 Stealth
 + Level 2.6 Shields
 + Level 2.6 Unarmed Combat
 + Level 5.7 Spellcasting
 + Level 7.4 Conjurations
 + Level 2.1 Hexes
 + Level 2.1 Summonings
 + Level 2.1 Necromancy
 + Level 2.1 Translocations
 + Level 2.1 Transmutations
 + Level 2.1 Fire Magic
 + Level 2.1 Ice Magic
 + Level 2.1 Air Magic
 + Level 2.1 Earth Magic
 + Level 2.1 Poison Magic
 + Level 2.9 Invocations
 + Level 2.6 Evocations


You had 7 spell levels left.
You knew the following spells:

 Your Spells              Type           Power      Damage    Failure   Level
a - Magic Dart            Conj           100%       1d8       1%          1
b - Searing Ray           Conj           70%        2d7       1%          2
c - Dazzling Flash        Conj/Hex       50%        N/A       4%          3
d - Poisonous Vapours     Pois/Air       28%        N/A       7%          2
e - Cigotuvi's Dreadful   Necr/Pois/Air  28%        N/A       7%          2

Your spell library contained the following spells:

 Spells                   Type           Power      Damage    Failure   Level
 Sting                    Tmut/Pois      56%        1d5       4%          1
 Gell's Gravitas          Tloc           14%        N/A       13%         3
 Inner Flame              Hex/Fire       14%        N/A       13%         3
 Teleport Other           Tloc           14%        N/A       13%         3
 Flame Wave               Conj/Fire      25%        2d8       14%         4
 Fulminant Prism          Conj/Hex       12%        3d8       14%         4
 Iskenderun's Mystic Bla  Conj/Tloc      25%        2d7       14%         4
 Sticky Flame             Conj/Fire      25%        2d5       14%         4
 Dispel Undead            Necr           14%        3d10      41%         4
 Olgreb's Toxic Radiance  Pois           14%        N/A       41%         4
 Death Channel            Necr           7%         N/A       100%        6
 Dispersal                Tloc           7%         N/A       100%        6
 Malign Gateway           Summ/Tloc      7%         N/A       100%        7
 Summon Horrible Things   Summ           7%         N/A       100%        8


Dungeon Overview and Level Annotations

Branches:
Dungeon (5/15)
 Temple: D:4-7

Altars:
Elyvilon
Sif Muna

Annotations:
D:3 1 runed translucent door, Crazy Yiuf
D:4 2 transporters


Innate Abilities, Weirdness & Mutations

You have very sharp teeth.
Your uncanny sense of smell can sniff out nearby items.
Your experience applies equally to all skills.


Message History

The gnoll barely misses you. The gnoll hits you with a +0 spear!
The gnoll closely misses you.
The gnoll sergeant hits you with a +4 heavy trident!
The gnoll hits you from afar with a +0 spear.
Casting: Poisonous Vapours (safe; 7% risk of failure)
Confirm with . or Enter, or press ? or * to list all spells.
Casting: Dazzling Flash (dangerous; 4% risk of failure)
Press: ? - help, Dir - look around, f - activate The gnoll is dazzled.
The gnoll sergeant is dazzled.
The gnoll is dazzled. x3
The gnoll shouts!
The gnoll looks more healthy.
The gnoll misses you. x2
Your magical contamination has completely faded away.
Casting: Dazzling Flash (dangerous; 4% risk of failure)
Confirm with . or Enter, or press ? or * to list all spells.
Aiming: Searing Ray (safe; 1% risk of failure)
Press: ? - help, Shift-Dir - straight line, f - gnoll
Aim: a gnoll, wielding a +0 spear (blind, haloed, 87% to hit)
The searing ray hits the gnoll.
You kill the gnoll!
The searing ray hits the gnoll.
The gnoll is moderately wounded. (Press . to maintain the ray.)
You hear a distant slurping noise.
Casting: Searing Ray (safe; 1% risk of failure)
Confirm with . or Enter, or press ? or * to list all spells.
Restarting spell: Searing Ray (safe; 1% risk of failure)
Press: ? - help, Shift-Dir - straight line, f - gnoll sergeant, p - gnoll
Aim: a gnoll sergeant, wielding a +4 heavy trident and wearing a +0 scale mail (blind, haloed, 89% to hit)
The searing ray hits the gnoll sergeant but does no damage. (Press . to maintain the ray.)
The gnoll sergeant barely misses you.
The gnoll hits you from afar with a +0 spear.
The searing ray hits the gnoll sergeant but does no damage.
The gnoll is no longer blind. x2
The gnoll sergeant hits you with a +4 heavy trident!
* * * LOW HITPOINT WARNING * * *
The searing ray hits the gnoll sergeant.
The gnoll sergeant is lightly wounded.
The gnoll hits you from afar with a +0 spear.
You die...

#.....#..##
#.... #..#
#.###.###..#
...........#
##..#.....# .
#.#...# ∆
#.##.##
#.##.####.#
#.@).g....#
#.g.g.....# ∆
#.....g.>....
#.......g......
####.#.....####
#..###.... ##.
..... ## ......
##.###


You could see a gnoll sergeant (blind) and 4 gnolls.

Vanquished Creatures
  Sigmund (D:2)
  A scorpion (D:5)
  A necrophage (D:5)
  2 hounds
  An orc priest (D:4)
  Natasha (thrice) (D:3)
  An orc wizard (D:4)
  Robin (D:3)
  A gnoll (D:5)
  8 adders
  A shadow imp (D:5)
  2 dart slugs
  4 orcs
  5 ball pythons
  8 bats
  4 giant cockroaches
  12 goblins
  8 hobgoblins
  4 jackals (D:2)
  2 quokkas
  4 kobolds
  5 rats
79 creatures vanquished.

Vanquished Creatures (others)
  3 fungi (D:3)
3 creatures vanquished.

Grand Total: 82 creatures vanquished

Notes
Turn   | Place    | Note
-------+----------+-------------------------------------------
     0 | D:1      | NinjaNoafa the Gnoll Conjurer began the quest for the Orb.
     0 | D:1      | Reached XP level 1. HP: 13/13 MP: 6/6
   105 | D:1      | Reached XP level 2. HP: 19/19 MP: 4/7
   237 | D:1      | Learned a level 2 spell: Searing Ray
   719 | D:2      | Reached skill level 5 in Spellcasting
   719 | D:2      | Reached XP level 3. HP: 25/25 MP: 3/9
   747 | D:2      | Reached skill level 1 in Invocations
  1039 | D:2      | Reached skill level 1 in Fighting
  1039 | D:2      | Reached skill level 1 in Short Blades
  1039 | D:2      | Reached skill level 1 in Long Blades
  1039 | D:2      | Reached skill level 1 in Axes
  1039 | D:2      | Reached skill level 1 in Maces & Flails
  1039 | D:2      | Reached skill level 1 in Polearms
  1039 | D:2      | Reached skill level 1 in Staves
  1039 | D:2      | Reached skill level 1 in Ranged Weapons
  1039 | D:2      | Reached skill level 1 in Throwing
  1039 | D:2      | Reached skill level 1 in Armour
  1039 | D:2      | Reached skill level 1 in Shields
  1039 | D:2      | Reached skill level 1 in Unarmed Combat
  1039 | D:2      | Reached skill level 1 in Evocations
  1066 | D:2      | Learned a level 3 spell: Dazzling Flash
  1253 | D:2      | Noticed Sigmund
  1260 | D:2      | Killed Sigmund
  1261 | D:2      | Reached skill level 1 in Hexes
  1261 | D:2      | Reached skill level 1 in Summonings
  1261 | D:2      | Reached skill level 1 in Necromancy
  1261 | D:2      | Reached skill level 1 in Translocations
  1261 | D:2      | Reached skill level 1 in Transmutations
  1261 | D:2      | Reached skill level 1 in Fire Magic
  1261 | D:2      | Reached skill level 1 in Ice Magic
  1261 | D:2      | Reached skill level 1 in Air Magic
  1261 | D:2      | Reached skill level 1 in Earth Magic
  1261 | D:2      | Reached skill level 1 in Poison Magic
  1261 | D:2      | Reached XP level 4. HP: 33/33 MP: 1/11
  1261 | D:2      | Reached XP level 5. HP: 38/38 MP: 1/12
  1606 | D:3      | Reached XP level 6. HP: 41/44 MP: 8/13
  1678 | D:3      | Noticed Natasha
  1685 | D:3      | Killed Natasha
  1870 | D:3      | Reached skill level 5 in Dodging
  2021 | D:3      | Noticed Robin
  2037 | D:3      | Killed Robin
  2111 | D:3      | Noticed Natasha
  2119 | D:3      | Killed Natasha
  2458 | D:3      | Noticed Natasha
  2465 | D:3      | Killed Natasha
  2517 | D:3      | Found a runed translucent door.
  2619 | D:3      | Noticed Crazy Yiuf
  2753 | D:4      | Learned a level 2 spell: Cigotuvi's Dreadful Rot
  2756 | D:4      | Learned a level 2 spell: Poisonous Vapours
  2854 | D:4      | Found a shimmering blue altar of Sif Muna.
  2867 | D:4      | Found a transporter.
  2941 | D:4      | Found a transporter.
  3381 | D:4      | Reached XP level 7. HP: 42/51 MP: 4/15
  3676 | D:4      | Found a white marble altar of Elyvilon.
  3733 | D:5      | Entered Level 5 of the Dungeon
  3829 | D:5      | Reached skill level 5 in Stealth
  3931 | D:5      | Slain by a gnoll

Illustrated notes

Levels and vault maps discovered:
D:1:      dpeg_arrival_short_road, layout_rooms
D:2:      layout_basic, hangedman_decor_slide_cut, uniq_sigmund
D:3:      layout_loops_ring, uniq_natasha, uniq_robin, uniq_crazy_yiuf_cottage
D:4:      gammafunk_steamed_eel, layout_layer_cave, kennysheep_mini,
          marbit_many_paths, minivault_23
D:5:      layout_rooms, mainiacjoe_overflow_six_doors_small, st_stairs_3,
          nrook_mini_vaults, minmay_fire_ice_demons

Skill      XL: |  1  2  3  4  5  6  7 |
---------------+----------------------+-----
Spellcasting   | 5 |  5.7
Invocations    | 2 |  2.9
Fighting       | 1 2 |  2.6
Short Blades   | 1 2 |  2.6
Long Blades    | 1 2 |  2.6
Axes           | 1 2 |  2.6
Maces & Flails | 1 2 |  2.6
Polearms       | 1 2 |  2.6
Staves         | 1 2 |  2.6
Ranged Weapons | 1 2 |  2.6
Throwing       | 1 2 |  2.6
Armour         | 1 2 |  2.6
Shields        | 1 2 |  2.6
Unarmed Combat | 1 2 |  2.6
Evocations     | 1 2 |  2.6
Hexes          | 1 2 |  2.1
Summonings     | 1 2 |  2.1
Necromancy     | 1 2 |  2.1
Translocations | 1 2 |  2.1
Transmutations | 1 2 |  2.1
Fire Magic     | 1 2 |  2.1
Ice Magic      | 1 2 |  2.1
Air Magic      | 1 2 |  2.1
Earth Magic    | 1 2 |  2.1
Poison Magic   | 1 2 |  2.1
Dodging        | 5 |  5.3
Stealth        | 5 |  5.0
Conjurations   | |  7.4

Action                   |  1- 3 |  4- 6 |  7- 9 || total
-------------------------+-------+-------+-------++-------
Melee: Dagger            |    12 |    30 |    23 ||    65
       Bite              |     1 |     5 |     2 ||     8
       Punch             |       |     1 |       ||     1
 Cast: Magic Dart        |    49 |    60 |     3 ||   112
       Searing Ray       |     3 |     6 |     3 ||    12
       Dazzling Flash    |     1 |     1 |     1 ||     3
       Poisonous Vapours |       |     7 |     8 ||    15
Armor: Robe              |     5 |     5 |       ||    10
Dodge: Dodged            |    21 |    31 |    33 ||    85

Table legend: (Time is in decaauts)
 A = Elapsed time spent in this place.
 B = Non-inter-level travel time spent in this place.
 C = Inter-level travel time spent in this place.
 D = Time resting spent in this place.
 E = Time spent auto-exploring this place.
 F = Levels seen in this place.
 G = Mean time per level.
                   A        B        C        D        E       F      G
               +--------+--------+--------+--------+--------+-----+--------+
         Total |   3922 |   3797 |    125 |      0 |   3304 |   5 |  784.4 |
       Dungeon |   3922 |   3797 |    125 |      0 |   3304 |   5 |  784.4 |
               +--------+--------+--------+--------+--------+-----+--------+

Top non-repeatable levels by time:
     D:4: 1092 daAuts
     D:3: 1077 daAuts
     D:2: 904 daAuts
     D:1: 653 daAuts
     D:5: 194 daAuts
